Workbook
Name \0: #REF!
Name _________________________esc15: "#ref!"
Name _________________________esc4: "#ref!"
Name _________________________esc6: "#ref!"
Name ________________________esc15: "#ref!"
Name ________________________esc4: "#ref!"
Name ________________________esc6: "#ref!"
Name _______________________esc15: "#ref!"
Name _______________________esc4: "#ref!"
Name _______________________esc6: "#ref!"
Name ______________________esc15: "#ref!"
Name ______________________esc4: "#ref!"
Name ______________________esc6: "#ref!"
Name ____________________esc15: "#ref!"
Name ____________________esc4: "#ref!"
Name ____________________esc6: "#ref!"
Name ___________________esc15: "#ref!"
Name ___________________esc4: "#ref!"
Name ___________________esc6: "#ref!"
Name __________________esc15: "#ref!"
Name __________________esc4: "#ref!"
Name __________________esc6: "#ref!"
Name _________________esc15: "#ref!"
Name _________________esc4: "#ref!"
Name _________________esc6: "#ref!"
Name _______________esc15: "#ref!"
Name _______________esc4: "#ref!"
Name _______________esc6: "#ref!"
Name ______________esc15: "#ref!"
Name ______________esc4: "#ref!"
Name ______________esc6: "#ref!"
Name _____________esc15: "#ref!"
Name _____________esc4: "#ref!"
Name _____________esc6: "#ref!"
Name ____________esc15: "#ref!"
Name ____________esc4: "#ref!"
Name ____________esc6: "#ref!"
Name ___________esc15: "#ref!"
Name ___________esc4: "#ref!"
Name ___________esc6: "#ref!"
Name __________esc15: "#ref!"
Name __________esc4: "#ref!"
Name __________esc6: "#ref!"
Name _________esc15: "#ref!"
Name _________esc4: "#ref!"
Name _________esc6: "#ref!"
Name ________esc15: "#ref!"
Name ________esc4: "#ref!"
Name ________esc6: "#ref!"
Name _______esc15: "#ref!"
Name _______esc4: "#ref!"
Name _______esc6: "#ref!"
Name __esc15: #REF!
Name __esc4: #REF!
Name __esc6: #REF!
Name __xlnm_Database: "#ref!"
Name __xlnm_Recorder: "#ref!"
Name _esc15: "#ref!"
Name _esc4: "#ref!"
Name _esc6: "#ref!"

Sheet Orçamento Sintético
C1: CF CONSTRUÇÕES E REFORMAS LTDA
C3: PLANILHA ORÇAMENTÁRIA
A5: CLIENTE: | C5: PREFEITURA MUNICIPAL DE SANTA LUZIA
A6: LOCAL | C6: SANTA LUZIA, MINAS GERAIS | E6: BDI | G6: 0.2607
A7: OBJETO | C7: OBRAS COMPLEMENTARES DA UNIDADE BÁSICA DE SÁÚDE VALE DOS COQUEIROS
A8: Item | B8: Código | C8: Banco | D8: Descrição | E8: Und | F8: Quant. | G8: Valor Unit | H8: Valor Unit com BDI | I8: Total
A9: 1 | D9: CONFORME ACÓRDÃO TCU 2622/2013, LIMITADA À 6% DO VALOR TOTAL DA OBRA | G9: 1 | I9: 40757.22
A10: 1.1 | B10: CP001 | C10: Próprio | D10: ADMINISTRAÇÃO LOCAL | E10: UN | F10: 1 | G10: 32329.04 | H10: 40757.22 | I10: 40757.22
A11: 2 | D11: SERVIÇOS PRELIMINARES | G11: 1 | I11: 24820.31
A12: 2.1 | B12: 01.03.01 | C12: SUDECAP | D12: 3,00 X 2,00 M EM LONA IMPRESSAO DIGITAL P.SUDECAP | E12: UN | F12: 1 | G12: 1635.98 | H12: 2062.47 | I12: 2062.47
A13: 2.2 | B13: ED-50150 | C13: SETOP | D13: LIGAÇÃO DE ÁGUA PROVISÓRIA PARA CANTEIRO, INCLUSIVE HIDRÔMETRO E CAVALETE PARA MEDIÇÃO DE ÁGUA - ENTRADA PRINCIPAL, EM AÇO GALVANIZADO DN 20MM (1/2") - PADRÃO CONCESSIONÁRIA | E13: un | F13: 1 | G13: 398.48 | H13: 502.36 | I13: 502.36
A14: 2.3 | B14: ED-50151 | C14: SETOP | D14: LIGAÇÃO PROVISÓRIA COM ENTRADA DE ENERGIA AÉREA, PADRÃO CEMIG, CARGA INSTALADA DE 15,1KVA ATÉ 30KVA, TRIFÁSICO, COM SAÍDA SUBTERRÂNEA, INCLUSIVE POSTE, CAIXA PARA MEDIDOR, DISJUNTOR, BARRAMENTO, ATERRAMENTO E ACESSÓRIOS | E14: un | F14: 1 | G14: 1209.45 | H14: 1524.75 | I14: 1524.75
A15: 2.4 | B15: ED-9075 | C15: SETOP | D15: FORNECIMENTO DE ANDAIME METÁLICO PARA FACHADA (LOCAÇÃO), INCLUSIVE PISO METÁLICO E SAPATAS, EXCLUSIVE MONTAGEM E DESMONTAGEM | E15: m2xmês | F15: 37 | G15: 6.66 | H15: 8.39 | I15: 310.43
A16: 2.5 | B16: ED-48246 | C16: SETOP | D16: MONTAGEM E DESMONTAGEM DE ANDAIME METÁLICO PARA FACHADA COM PISO METÁLICO, EXCLUSIVE FORNECIMENTO DO ANDAIME E RODAPÉ/GUARDA-CORPO EM MADEIRA | E16: m² | F16: 263.66 | G16: 9.15 | H16: 11.53 | I16: 3039.99
A17: 2.6 | B17: 93212 | C17: SINAPI | D17: EXECUÇÃO DE SANITÁRIO E VESTIÁRIO EM CANTEIRO DE OBRA EM CHAPA DE MADEIRA COMPENSADA, NÃO INCLUSO MOBILIÁRIO. AF_02/2016 | E17: m² | F17: 8 | G17: 1092.36 | H17: 1377.13 | I17: 11017.04
A18: 2.7 | B18: 73805/001 | C18: SINAPI | D18: BARRACAO DE OBRA PARA ALOJAMENTO/ESCRITORIO, PISO EM PINHO 3A, PAREDES EM COMPENSADO 10MM, COBERTURA EM TELHA FIBROCIMENTO 6MM, INCLUSO INSTALACOES ELETRICAS E ESQUADRIAS. REAPROVEITADO 5 VEZES | E18: m² | F18: 9 | G18: 560.83 | H18: 707.03 | I18: 6363.27
A19: 3 | D19: MOVIMENTO DE TERRA | G19: 1 | I19: 30687.86
A20: 3.1 | B20: ED-51106 | C20: SETOP | D20: ESCAVAÇÃO MECÂNICA EM MATERIAL DE 2ª CATEGORIA, INCLUSIVE CARGA EM CAMINHÃO, EXCLUSIVE TRANSPORTE E DESCARGA | E20: m³ | F20: 300.56 | G20: 9.63 | H20: 12.14 | I20: 3648.79
A21: 3.2 | B21: 93588 | C21: SINAPI | D21: TRANSPORTE COM CAMINHÃO BASCULANTE DE 10 M³, EM VIA URBANA EM LEITO NATURAL (UNIDADE: M3XKM). AF_07/2020 | E21: M3XKM | F21: 2254.2 | G21: 2.97 | H21: 3.74 | I21: 8430.7
A22: 3.3 | B22: 101206 | C22: SINAPI | D22: ESCAVAÇÃO VERTICAL PARA EDIFICAÇÃO, COM CARGA, DESCARGA E TRANSPORTE DE SOLO DE 1ª CATEGORIA, COM ESCAVADEIRA HIDRÁULICA (CAÇAMBA: 0,8 M³ / 111 HP), FROTA DE 3 CAMINHÕES BASCULANTES DE 14 M³, DMT ATÉ 1 KM E VELOCIDADE MÉDIA 14 KM/H. AF_05/2020 | E22: m³ | F22: 300.56 | G22: 12.5 | H22: 15.75 | I22: 4733.82
A23: 3.4 | B23: 95876 | C23: SINAPI | D23: TRANSPORTE COM CAMINHÃO BASCULANTE DE 14 M³, EM VIA URBANA PAVIMENTADA, DMT ATÉ 30 KM (UNIDADE: M3XKM). AF_07/2020 | E23: M3XKM | F23: 3757 | G23: 2.08 | H23: 2.62 | I23: 9843.34
A24: 3.5 | B24: 40.32.31 | C24: SUDECAP | D24: REATERRO COMPACTADO C/ PLACA VIBRATORIA | E24: m³ | F24: 100 | G24: 22.85 | H24: 28.8 | I24: 2880
A25: 3.6 | B25: CP00160 | C25: Próprio | D25: COMPACTAÇÃO DE ATERRO COM ROLO COMPACTADRO | E25: m³ | F25: 200.56 | G25: 4.56 | H25: 5.74 | I25: 1151.21
A26: 4 | D26: ALVENARIAS E DIVISÕES | G26: 1 | I26: 2795.5
A27: 4.1 | D27: ALVENARIA | G27: 1 | I27: 2795.5
A28: 4.1.1 | B28: ED-48232 | C28: SETOP | D28: ALVENARIA DE VEDAÇÃO COM TIJOLO CERÂMICO FURADO, ESP. 14CM, PARA REVESTIMENTO, INCLUSIVE ARGAMASSA PARA ASSENTAMENTO | E28: m² | F28: 20 | G28: 68.47 | H28: 86.32 | I28: 1726.4
A29: 4.1.2 | B29: 91222 | C29: SINAPI | D29: RASGO EM ALVENARIA PARA RAMAIS/ DISTRIBUIÇÃO COM DIÂMETROS MAIORES QUE 40 MM E MENORES OU IGUAIS A 75 MM. AF_05/2015 | E29: M | F29: 10 | G29: 14.51 | H29: 18.29 | I29: 182.9
A30: 4.1.3 | B30: 90467 | C30: SINAPI | D30: CHUMBAMENTO LINEAR EM ALVENARIA PARA RAMAIS/DISTRIBUIÇÃO COM DIÂMETROS MAIORES QUE 40 MM E MENORES OU IGUAIS A 75 MM. AF_05/2015 | E30: M | F30: 4 | G30: 21.41 | H30: 26.99 | I30: 107.96
A31: 4.1.4 | B31: 93200 | C31: SINAPI | D31: FIXAÇÃO (ENCUNHAMENTO) DE ALVENARIA DE VEDAÇÃO COM ARGAMASSA APLICADA COM BISNAGA. AF_03/2016 | E31: M | F31: 4 | G31: 3.26 | H31: 4.1 | I31: 16.4
A32: 4.1.5 | B32: 93183 | C32: SINAPI | D32: VERGA PRÉ-MOLDADA PARA JANELAS COM MAIS DE 1,5 M DE VÃO. AF_03/2016 | E32: M | F32: 4 | G32: 77.42 | H32: 97.6 | I32: 390.4
A33: 4.1.6 | B33: 93195 | C33: SINAPI | D33: CONTRAVERGA PRÉ-MOLDADA PARA VÃOS DE MAIS DE 1,5 M DE COMPRIMENTO. AF_03/2016 | E33: M | F33: 4 | G33: 73.66 | H33: 92.86 | I33: 371.44
A34: 5 | D34: REVESTIMENTO | G34: 1 | I34: 3502.16
A35: 5.1 | B35: 87879 | C35: SINAPI | D35: CHAPISCO APLICADO EM ALVENARIAS E ESTRUTURAS DE CONCRETO INTERNAS, COM COLHER DE PEDREIRO. ARGAMASSA TRAÇO 1:3 COM PREPARO EM BETONEIRA 400L. AF_10/2022 | E35: m² | F35: 40 | G35: 4.39 | H35: 5.53 | I35: 221.2
A36: 5.2 | B36: 87529 | C36: SINAPI | D36: MASSA ÚNICA, PARA RECEBIMENTO DE PINTURA, EM ARGAMASSA TRAÇO 1:2:8, PREPARO MECÂNICO COM BETONEIRA 400L, APLICADA MANUALMENTE EM FACES INTERNAS DE PAREDES, ESPESSURA DE 20MM, COM EXECUÇÃO DE TALISCAS. AF_06/2014 | E36: m² | F36: 40 | G36: 38.02 | H36: 47.93 | I36: 1917.2
A37: 5.3 | B37: 87265 | C37: SINAPI | D37: REVESTIMENTO CERÂMICO PARA PAREDES INTERNAS COM PLACAS TIPO ESMALTADA EXTRA DE DIMENSÕES 20X20 CM APLICADAS NA ALTURA INTEIRA DAS PAREDES. AF_02/2023_PE | E37: m² | F37: 10 | G37: 57.29 | H37: 72.22 | I37: 722.2
A38: 5.4 | B38: 87550 | C38: SINAPI | D38: EMBOÇO, PARA RECEBIMENTO DE CERÂMICA, EM ARGAMASSA TRAÇO 1:2:8, PREPARO MANUAL, APLICADO MANUALMENTE EM FACES INTERNAS DE PAREDES, PARA AMBIENTE COM ÁREA ENTRE 5M2 E 10M2, ESPESSURA DE 10MM, COM EXECUÇÃO DE TALISCAS. AF_06/2014 | E38: m² | F38: 10 | G38: 24.73 | H38: 31.17 | I38: 311.7
A39: 5.5 | B39: 96109 | C39: SINAPI | D39: FORRO EM PLACAS DE GESSO, PARA AMBIENTES RESIDENCIAIS. AF_08/2023_PS | E39: m² | F39: 5.1 | G39: 51.31 | H39: 64.68 | I39: 329.86
A40: 6 | D40: PISO | G40: 1 | I40: 11552.99
A41: 6.1 | B41: 87642 | C41: SINAPI | D41: CONTRAPISO EM ARGAMASSA TRAÇO 1:4 (CIMENTO E AREIA), PREPARO MANUAL, APLICADO EM ÁREAS SECAS SOBRE LAJE, ADERIDO, ACABAMENTO NÃO REFORÇADO, ESPESSURA 4CM. AF_07/2021 | E41: m² | F41: 30 | G41: 50.51 | H41: 63.67 | I41: 1910.1
A42: 6.2 | B42: 87260 | C42: SINAPI | D42: REVESTIMENTO CERÂMICO PARA PISO COM PLACAS TIPO PORCELANATO DE DIMENSÕES 45X45 CM APLICADA EM AMBIENTES DE ÁREA MAIOR QUE 10 M². AF_02/2023_PE | E42: m² | F42: 10 | G42: 125.49 | H42: 158.2 | I42: 1582
A43: 6.3 | B43: ED-50544 | C43: SETOP | D43: REVESTIMENTO COM CERÂMICA APLICADO EM PISO, ACABAMENTO ESMALTADO, AMBIENTE EXTERNO (ANTIDERRAPANTE), PADRÃO EXTRA, DIMENSÃO DA PEÇA ATÉ 2025 CM2, PEI IV, ASSENTAMENTO COM ARGAMASSA INDUSTRIALIZADA, INCLUSIVE REJUNTAMENTO | E43: m² | F43: 30 | G43: 73.01 | H43: 92.04 | I43: 2761.2
A44: 6.4 | B44: 88648 | C44: SINAPI | D44: RODAPÉ CERÂMICO DE 7CM DE ALTURA COM PLACAS TIPO ESMALTADA EXTRA DE DIMENSÕES 35X35CM. AF_02/2023 | E44: M | F44: 10 | G44: 7.22 | H44: 9.1 | I44: 91
A45: 6.5 | B45: 98689 | C45: SINAPI | D45: SOLEIRA EM GRANITO, LARGURA 15 CM, ESPESSURA 2,0 CM. AF_09/2020 | E45: M | F45: 31 | G45: 89.31 | H45: 112.59 | I45: 3490.29
A46: 6.6 | B46: 101965 | C46: SINAPI | D46: PEITORIL LINEAR EM GRANITO OU MÁRMORE, L = 15CM, COMPRIMENTO DE ATÉ 2M, ASSENTADO COM ARGAMASSA 1:6 COM ADITIVO. AF_11/2020 | E46: M | F46: 10 | G46: 110.34 | H46: 139.1 | I46: 1391
A47: 6.7 | B47: 98555 | C47: SINAPI | D47: IMPERMEABILIZAÇÃO DE SUPERFÍCIE COM ARGAMASSA POLIMÉRICA / MEMBRANA ACRÍLICA, 3 DEMÃOS. AF_06/2018 | E47: m² | F47: 10 | G47: 25.97 | H47: 32.74 | I47: 327.4
A48: 7 | D48: PINTURA | G48: 1 | I48: 42726.55
A49: 7.1 | B49: 88485 | C49: SINAPI | D49: FUNDO SELADOR ACRÍLICO, APLICAÇÃO MANUAL EM PAREDE, UMA DEMÃO. AF_04/2023 | E49: m² | F49: 487.84 | G49: 4.14 | H49: 5.21 | I49: 2541.64
A50: 7.2 | B50: 88484 | C50: SINAPI | D50: FUNDO SELADOR ACRÍLICO, APLICAÇÃO MANUAL EM TETO, UMA DEMÃO. AF_04/2023 | E50: m² | F50: 43.2 | G50: 5.07 | H50: 6.39 | I50: 276.04
A51: 7.3 | B51: 88488 | C51: SINAPI | D51: PINTURA LÁTEX ACRÍLICA PREMIUM, APLICAÇÃO MANUAL EM TETO, DUAS DEMÃOS. AF_04/2023 | E51: m² | F51: 437.37 | G51: 13.8 | H51: 17.39 | I51: 7605.86
A52: 7.4 | B52: 88489 | C52: SINAPI | D52: PINTURA LÁTEX ACRÍLICA PREMIUM, APLICAÇÃO MANUAL EM PAREDES, DUAS DEMÃOS. AF_04/2023 | E52: m² | F52: 1400 | G52: 11.55 | H52: 14.56 | I52: 20384
A53: 7.5 | B53: ED-50520 | C53: SETOP | D53: PINTURA COM TEXTURA ACRÍLICA COM ROLO, EXCLUSIVE SELADOR ACRÍLICO/FUNDO PREPARADOR | E53: m² | F53: 312.17 | G53: 18.72 | H53: 23.6 | I53: 7367.21
A54: 7.6 | B54: 88497 | C54: SINAPI | D54: EMASSAMENTO COM MASSA LÁTEX, APLICAÇÃO EM PAREDE, DUAS DEMÃOS, LIXAMENTO MANUAL. AF_04/2023 | E54: m² | F54: 50 | G54: 18.04 | H54: 22.74 | I54: 1137
A55: 7.7 | B55: 88496 | C55: SINAPI | D55: EMASSAMENTO COM MASSA LÁTEX, APLICAÇÃO EM TETO, DUAS DEMÃOS, LIXAMENTO MANUAL. AF_04/2023 | E55: m² | F55: 50 | G55: 31.47 | H55: 39.67 | I55: 1983.5
A56: 7.8 | B56: 17.25.04 | C56: SUDECAP | D56: ACETINADO S/ MASSA EM PAREDE S/ SELADOR ACRILICO | E56: m² | F56: 56.24 | G56: 20.19 | H56: 25.45 | I56: 1431.3
A57: 8 | D57: COBERTURA | G57: 1 | I57: 851.98
A58: 8.1 | B58: ED-50667 | C58: SETOP | D58: CHAPIM EM CHAPA GALVANIZADA, COM PINGADEIRA, ESP. 0,65MM (GSG-24), COM DESENVOLVIMENTO DE 35CM, INCLUSIVE IÇAMENTO MANUAL VERTICAL | E58: m | F58: 5 | G58: 62.37 | H58: 78.62 | I58: 393.1
A59: 8.2 | B59: ED-50923 | C59: SETOP | D59: ALÇAPÃO (60X60)CM COM QUADRO DE CANTONEIRA METÁLICA 1"X 1/8", TAMPA EM CANTONEIRA 7/8"X 1/8" E CHAPA METÁLICA Nº18 VINCADA, INCLUSIVE FERROLHO, CADEADO E PINTURA ANTICORROSIVA | E59: un | F59: 1 | G59: 363.99 | H59: 458.88 | I59: 458.88
A60: 9 | D60: ESQUADRIAS | G60: 1 | I60: 75342.68
A61: 9.1 | D61: MADEIRA | G61: 1 | I61: 9787.37
A62: 9.1.1 | B62: 90843 | C62: SINAPI | D62: KIT DE PORTA DE MADEIRA PARA PINTURA, SEMI-OCA (LEVE OU MÉDIA), PADRÃO MÉDIO, 80X210CM, ESPESSURA DE 3,5CM, ITENS INCLUSOS: DOBRADIÇAS, MONTAGEM E INSTALAÇÃO DO BATENTE, FECHADURA COM EXECUÇÃO DO FURO - FORNECIMENTO E INSTALAÇÃO. AF_12/2019 | E62: UN | F62: 2 | G62: 1033.76 | H62: 1303.26 | I62: 2606.52
A63: 9.1.2 | B63: 90844 | C63: SINAPI | D63: KIT DE PORTA DE MADEIRA PARA PINTURA, SEMI-OCA (LEVE OU MÉDIA), PADRÃO MÉDIO, 90X210CM, ESPESSURA DE 3,5CM, ITENS INCLUSOS: DOBRADIÇAS, MONTAGEM E INSTALAÇÃO DO BATENTE, FECHADURA COM EXECUÇÃO DO FURO - FORNECIMENTO E INSTALAÇÃO. AF_12/2019 | E63: UN | F63: 2 | G63: 1107.71 | H63: 1396.48 | I63: 2792.96
A64: 9.1.3 | B64: CP0012 | C64: Próprio | D64: PORTA DE CORRER, 1FOLHA, EM MADEIRA, DIM: 0,90X2,10m | E64: UN | F64: 1 | G64: 1110.39 | H64: 1399.86 | I64: 1399.86
A65: 9.1.4 | B65: CP0013 | C65: Próprio | D65: PORTA DE ABRIR, 2 FOLHAS, EM MADEIRA PINTADA, DIM.: 1,00X2,10m | E65: UN | F65: 1 | G65: 2370.14 | H65: 2988.03 | I65: 2988.03
A66: 9.2 | D66: ALUMINIO | G66: 1 | I66: 65555.31
A67: 9.2.1 | B67: CP0055 | C67: Próprio | D67: JANELA DE ALUMÍNIO TIPO MAXIM-AR, COM VIDROS 4 MM, BATENTE E FERRAGENS. EXCLUSIVE ALIZAR, ACABAMENTO E CONTRAMARCO. FORNECIMENTO E INSTALAÇÃO. 100 X 80 CM | E67: UN | F67: 10 | G67: 481.05 | H67: 606.45 | I67: 6064.5
A68: 9.2.2 | B68: CP0056 | C68: Próprio | D68: JANELA DE ALUMÍNIO TIPO MAXIM-AR, COM VIDROS 4 MM, BATENTE E FERRAGENS. EXCLUSIVE ALIZAR, ACABAMENTO E CONTRAMARCO. FORNECIMENTO E INSTALAÇÃO. 200 X 80 CM | E68: UN | F68: 15 | G68: 540.98 | H68: 682.01 | I68: 10230.15
A69: 9.2.3 | B69: CP0057 | C69: Próprio | D69: JANELA DE ALUMÍNIO TIPO MAXIM-AR, COM VIDROS 4 MM, BATENTE E FERRAGENS. EXCLUSIVE ALIZAR, ACABAMENTO E CONTRAMARCO. FORNECIMENTO E INSTALAÇÃO. 200 X 220 CM | E69: UN | F69: 1 | G69: 1487.75 | H69: 1875.6 | I69: 1875.6
A70: 9.2.4 | B70: CP0058 | C70: Próprio | D70: JANELA DE ALUMÍNIO TIPO MAXIM-AR, COM VIDROS 4 MM, BATENTE E FERRAGENS. EXCLUSIVE ALIZAR, ACABAMENTO E CONTRAMARCO. FORNECIMENTO E INSTALAÇÃO. 150 X 80 CM | E70: UN | F70: 2 | G70: 405.73 | H70: 511.5 | I70: 1023
A71: 9.2.5 | B71: CP0059 | C71: Próprio | D71: JANELA DE ALUMÍNIO TIPO MAXIM-AR, COM VIDROS 4 MM, BATENTE E FERRAGENS. EXCLUSIVE ALIZAR, ACABAMENTO E CONTRAMARCO. FORNECIMENTO E INSTALAÇÃO. 100 X 40 CM | E71: UN | F71: 1 | G71: 135.23 | H71: 170.48 | I71: 170.48
A72: 9.2.6 | B72: CP0060 | C72: Próprio | D72: JANELA DE ALUMÍNIO TIPO MAXIM-AR, COM VIDROS 4 MM, BATENTE E FERRAGENS. EXCLUSIVE ALIZAR, ACABAMENTO E CONTRAMARCO. FORNECIMENTO E INSTALAÇÃO. 75 X 80 CM | E72: UN | F72: 1 | G72: 199.66 | H72: 251.71 | I72: 251.71
A73: 9.2.7 | B73: ED-50961 | C73: SETOP | D73: FORNECIMENTO E ASSENTAMENTO DE JANELA DE ALUMÍNIO, LINHA SUPREMA ACABAMENTO ANODIZADO, TIPO BASCULA COM CONTRAMARCO, INCLUSIVE FORNECIMENTO DE VIDRO LISO DE 4MM, FERRAGENS E ACESSÓRIOS | E73: m² | F73: 1.5 | G73: 720.15 | H73: 907.89 | I73: 1361.83
A74: 9.2.8 | B74: CP0061 | C74: Próprio | D74: FECHAMENTO EM VIDRO TEMPERADO 10 MM - 5,10X2,56 | E74: UN | F74: 1 | G74: 7919.49 | H74: 9984.1 | I74: 9984.1
A75: 9.2.9 | B75: CP0062 | C75: Próprio | D75: FECHAMENTO EM VIDRO TEMPERADO 10 MM - 7,30X2,92 | E75: UN | F75: 1 | G75: 11491.61 | H75: 14487.47 | I75: 14487.47
A76: 9.2.10 | B76: CP0063 | C76: Próprio | D76: FECHAMENTO EM VIDRO TEMPERADO 10 MM - 1,80X2,10 | E76: UN | F76: 1 | G76: 3907.99 | H76: 4926.8 | I76: 4926.8
A77: 9.2.11 | B77: 102219 | C77: SINAPI | D77: PINTURA TINTA DE ACABAMENTO (PIGMENTADA) ESMALTE SINTÉTICO ACETINADO EM MADEIRA, 2 DEMÃOS. AF_01/2021 | E77: m² | F77: 45.99 | G77: 17.17 | H77: 21.64 | I77: 995.22
A78: 9.2.12 | B78: CP0064 | C78: Próprio | D78: PORTA EM ALUMÍNIO DE ABRIR TIPO VENEZIANA COM GUARNIÇÃO, FIXAÇÃO COM PARAFUSOS - FORNECIMENTO E INSTALAÇÃO. AF_12/2019 - 0,70 X 2,10M | E78: UN | F78: 3 | G78: 932.89 | H78: 1176.09 | I78: 3528.27
... A84: 9.2.18 | B84: 11944 | C84: ORSE | D84: Janela em alumínio, cor N/P/B, moldura-vidro, tipo guilhotina, exclusive vidro | E84: m² | F84: 0.66 | G84: 294.19 | H84: 370.88 | I84: 244.78
A85: 10 | D85: INSTALAÇÃO HIDROSANITÁRIA | G85: 1 | I85: 23457.76
A86: 10.1 | D86: ALIMENTAÇÃO | G86: 1 | I86: 2289.33
A87: 10.1.1 | B87: 10.29.01 | C87: SUDECAP | D87: KIT CAVALETE METAL COM REGISTRO 1/2" COPASA | E87: UN | F87: 1 | G87: 167.45 | H87: 211.1 | I87: 211.1
A88: 10.1.2 | B88: 94489 | C88: SINAPI | D88: REGISTRO DE ESFERA, PVC, SOLDÁVEL, COM VOLANTE, DN 25 MM - FORNECIMENTO E INSTALAÇÃO. AF_08/2021 | E88: UN | F88: 2 | G88: 24.32 | H88: 30.66 | I88: 61.32
A89: 10.1.3 | B89: 89362 | C89: SINAPI | D89: JOELHO 90 GRAUS, PVC, SOLDÁVEL, DN 25MM, INSTALADO EM RAMAL OU SUB-RAMAL DE ÁGUA - FORNECIMENTO E INSTALAÇÃO. AF_06/2022 | E89: UN | F89: 22 | G89: 9.03 | H89: 11.38 | I89: 250.36
A90: 10.1.4 | B90: 89402 | C90: SINAPI | D90: TUBO, PVC, SOLDÁVEL, DN 25MM, INSTALADO EM RAMAL DE DISTRIBUIÇÃO DE ÁGUA - FORNECIMENTO E INSTALAÇÃO. AF_06/2022 | E90: M | F90: 110.7 | G90: 12.21 | H90: 15.39 | I90: 1703.67
A91: 10.1.5 | B91: 89395 | C91: SINAPI | D91: TE, PVC, SOLDÁVEL, DN 25MM, INSTALADO EM RAMAL OU SUB-RAMAL DE ÁGUA - FORNECIMENTO E INSTALAÇÃO. AF_06/2022 | E91: UN | F91: 4 | G91: 12.47 | H91: 15.72 | I91: 62.88
A92: 10.2 | D92: ESGOTO | G92: 1 | I92: 2753.52
A93: 10.2.1 | B93: 10.25.13 | C93: SUDECAP | D93: P/ LAVATORIO 1601 FABRIMAR OU EQUIVALENTE | E93: UN | F93: 21 | G93: 49.13 | H93: 61.93 | I93: 1300.53
A94: 10.2.2 | B94: 86877 | C94: SINAPI | D94: VÁLVULA EM METAL CROMADO 1.1/2 X 1.1/2 PARA TANQUE OU LAVATÓRIO, COM OU SEM LADRÃO - FORNECIMENTO E INSTALAÇÃO. AF_01/2020 | E94: UN | F94: 7 | G94: 82.6 | H94: 104.13 | I94: 728.91
A95: 10.2.3 | B95: 89728 | C95: SINAPI | D95: CURVA CURTA 90 GRAUS, PVC, SERIE NORMAL, ESGOTO PREDIAL, DN 40 MM, JUNTA SOLDÁVEL, FORNECIDO E INSTALADO EM RAMAL DE DESCARGA OU RAMAL DE ESGOTO SANITÁRIO. AF_08/2022 | E95: UN | F95: 2 | G95: 12.99 | H95: 16.37 | I95: 32.74
A96: 10.2.4 | B96: 89726 | C96: SINAPI | D96: JOELHO 45 GRAUS, PVC, SERIE NORMAL, ESGOTO PREDIAL, DN 40 MM, JUNTA SOLDÁVEL, FORNECIDO E INSTALADO EM RAMAL DE DESCARGA OU RAMAL DE ESGOTO SANITÁRIO. AF_08/2022 | E96: UN | F96: 1 | G96: 10.14 | H96: 12.78 | I96: 12.78
A97: 10.2.5 | B97: 89739 | C97: SINAPI | D97: JOELHO 45 GRAUS, PVC, SERIE NORMAL, ESGOTO PREDIAL, DN 75 MM, JUNTA ELÁSTICA, FORNECIDO E INSTALADO EM RAMAL DE DESCARGA OU RAMAL DE ESGOTO SANITÁRIO. AF_08/2022 | E97: UN | F97: 1 | G97: 22.93 | H97: 28.9 | I97: 28.9
A98: 10.2.6 | B98: 89724 | C98: SINAPI | D98: JOELHO 90 GRAUS, PVC, SERIE NORMAL, ESGOTO PREDIAL, DN 40 MM, JUNTA SOLDÁVEL, FORNECIDO E INSTALADO EM RAMAL DE DESCARGA OU RAMAL DE ESGOTO SANITÁRIO. AF_08/2022 | E98: UN | F98: 1 | G98: 9.9 | H98: 12.48 | I98: 12.48
A99: 10.2.7 | B99: 89731 | C99: SINAPI | D99: JOELHO 90 GRAUS, PVC, SERIE NORMAL, ESGOTO PREDIAL, DN 50 MM, JUNTA ELÁSTICA, FORNECIDO E INSTALADO EM RAMAL DE DESCARGA OU RAMAL DE ESGOTO SANITÁRIO. AF_08/2022 | E99: UN | F99: 1 | G99: 14.33 | H99: 18.06 | I99: 18.06
A100: 10.2.8 | B100: CP0070 | C100: Próprio | D100: JUNÇÃO SIMPLES, PVC, SERIE NORMAL, ESGOTO PREDIAL, DN 100 X 50 MM, JUNTA ELÁSTICA, FORNECIDO E INSTALADO EM RAMAL DE DESCARGA OU RAMAL DE ESGOTO SANITÁRIO. | E100: UN | F100: 1 | G100: 43.67 | H100: 55.05 | I100: 55.05
A101: 10.2.9 | B101: 89778 | C101: SINAPI | D101: LUVA SIMPLES, PVC, SERIE NORMAL, ESGOTO PREDIAL, DN 100 MM, JUNTA ELÁSTICA, FORNECIDO E INSTALADO EM RAMAL DE DESCARGA OU RAMAL DE ESGOTO SANITÁRIO. AF_08/2022 | E101: UN | F101: 1 | G101: 17.14 | H101: 21.6 | I101: 21.6
A102: 10.2.10 | B102: 89754 | C102: SINAPI | D102: LUVA DE CORRER, PVC, SERIE NORMAL, ESGOTO PREDIAL, DN 50 MM, JUNTA ELÁSTICA, FORNECIDO E INSTALADO EM RAMAL DE DESCARGA OU RAMAL DE ESGOTO SANITÁRIO. AF_08/2022 | E102: UN | F102: 1 | G102: 20.81 | H102: 26.23 | I102: 26.23
A103: 10.2.11 | B103: 89713 | C103: SINAPI | D103: TUBO PVC, SERIE NORMAL, ESGOTO PREDIAL, DN 75 MM, FORNECIDO E INSTALADO EM RAMAL DE DESCARGA OU RAMAL DE ESGOTO SANITÁRIO. AF_08/2022 | E103: M | F103: 12 | G103: 34.13 | H103: 43.02 | I103: 516.24
A104: 10.3 | D104: PLUVIAL | G104: 1 | I104: 5296.86
A105: 10.3.1 | B105: 89811 | C105: SINAPI | D105: CURVA CURTA 90 GRAUS, PVC, SERIE NORMAL, ESGOTO PREDIAL, DN 100 MM, JUNTA ELÁSTICA, FORNECIDO E INSTALADO EM PRUMADA DE ESGOTO SANITÁRIO OU VENTILAÇÃO. AF_08/2022 | E105: UN | F105: 4 | G105: 43.67 | H105: 55.05 | I105: 220.2
A106: 10.3.2 | B106: 89512 | C106: SINAPI | D106: TUBO PVC, SÉRIE R, ÁGUA PLUVIAL, DN 100 MM, FORNECIDO E INSTALADO EM RAMAL DE ENCAMINHAMENTO. AF_06/2022 | E106: M | F106: 76 | G106: 50.17 | H106: 63.24 | I106: 4806.24
A107: 10.3.3 | B107: 89580 | C107: SINAPI | D107: TUBO PVC, SÉRIE R, ÁGUA PLUVIAL, DN 150 MM, FORNECIDO E INSTALADO EM CONDUTORES VERTICAIS DE ÁGUAS PLUVIAIS. AF_06/2022 | E107: M | F107: 3 | G107: 71.5 | H107: 90.14 | I107: 270.42
...

Sheet CRONOGRAMA
B2: ='[4]Table 1'!C1 -> CF CONSTRUÇÕES E REFORMAS LTDA
B3: CRONOGRAMA FÍSICO FINANCEIRO
A4: =[3]PLANILHA!A5:B5 -> OBJETO | B4: =[1]Planilha1!D8 -> OBRAS COMPLEMENTARES DA UNIDADE BÁSICA DE SÁÚDE VALE DOS COQUEIROS
A5: ITEM | B5: DESCRIÇÃO | C5: PREÇO TOTAL | D5: PESO | E5: Mês 1 | F5: Mês 2 | G5: Mês 3 | H5: Mês 4 | I5: Mês 5
C6: R$ | D6: %
A7: =[2]PLANILHA!A10 -> 1.0 | B7: =[1]Planilha1!E10 -> CONFORME ACORDÃO DO TCU 2622/2013, LIMITADA A 6% DO VALOR TOTAL DA OBRA | C7: ='Orçamento Sintético'!I9 -> 40757.22 | D7: =C7/$C43 -> 0.0600068 | E7: 0.2 | F7: 0.2 | G7: 0.2 | H7: 0.2 | I7: 0.2
E8: =$C$7*E7 -> 8151.444 | F8: =$C$7*F7 -> 8151.444 | G8: =$C$7*G7 -> 8151.444 | H8: =$C$7*H7 -> 8151.444 | I8: =$C$7*I7 -> 8151.444
A9: =[2]PLANILHA!A15 -> 2.0 | B9: =[1]Planilha1!E12 -> SERVIÇOS PRELIMINARES | C9: ='Orçamento Sintético'!I11 -> 24820.31 | D9: =C9/$C$43 -> 0.036542909 | E9: 1
E10: =C9*E9 -> 24820.31 | I10: =I$9*$C9 -> 0
A11: =[2]PLANILHA!A33 -> 3.0 | B11: =[1]Planilha1!E20 -> MOVIMENTO DE TERRA | C11: ='Orçamento Sintético'!I19 -> 30687.86 | D11: =C11/$C$43 -> 0.045181695 | E11: 0.5 | F11: 0.5
E12: =$C$11*E11 -> 15343.93 | F12: =$C$11*F11 -> 15343.93 | G12: =G$13*$C11 -> 0 | H12: =H$13*$C11 -> 0 | I12: =I$13*$C11 -> 0
A13: =[2]PLANILHA!A41 -> 4.0 | B13: =[1]Planilha1!E26 -> ALVENARIAS E DIVISÓES | C13: ='Orçamento Sintético'!I26 -> 2795.5 | D13: =C13/$C$43 -> 0.0041158109 | F13: 1
E14: =C13*E13 -> 0 | F14: =F$13*$C13 -> 2795.5 | G14: =G$13*$C13 -> 0 | H14: =H$13*$C13 -> 0 | I14: =I$13*$C13 -> 0
A15: =[2]PLANILHA!A61 -> 5.0 | B15: =[1]Planilha1!E34 -> REVESTIMENTO | C15: ='Orçamento Sintético'!I34 -> 3502.16 | D15: =C15/$C$43 -> 0.0051562255 | E15: 0 | F15: 0.5 | G15: 0.5 | H15: 0
E16: =$C$15*E15 -> 0 | F16: =$C$15*F15 -> 1751.08 | G16: =$C$15*G15 -> 1751.08 | H16: =$C$15*H15 -> 0 | I16: =I$15*$C15 -> 0
A17: =[2]PLANILHA!A99 -> 6.0 | B17: =[1]Planilha1!E40 -> PISO | C17: ='Orçamento Sintético'!I40 -> 11552.99 | D17: =C17/$C$43 -> 0.017009452 | E17: 0 | F17: 0 | G17: 0.5 | H17: 0.5
E18: =C17*E17 -> 0 | F18: =F$17*$C17 -> 0 | G18: =G$17*$C17 -> 5776.495 | H18: =H$17*$C17 -> 5776.495 | I18: =I$17*$C17 -> 0
A19: =[2]PLANILHA!A138 -> 7.0 | B19: =[1]Planilha1!E48 -> PINTURA | C19: ='Orçamento Sintético'!I48 -> 42726.55 | D19: =C19/$C$43 -> 0.062906242 | E19: 0.5 | F19: 0.5 | G19: 0 | H19: 0
E20: =C19*E19 -> 21363.275 | F20: =F$19*$C19 -> 21363.275 | G20: =G$19*$C19 -> 0 | H20: =H$19*$C19 -> 0 | I20: =I$19*$C19 -> 0
A21: =[2]PLANILHA!A152 -> 8.0 | B21: =[1]Planilha1!E57 -> COBERTURA | C21: ='Orçamento Sintético'!I57 -> 851.98 | D21: =C21/$C$43 -> 0.001254369 | F21: 0.33 | G21: 0.33 | H21: 0.34
E22: =C21*E21 -> 0 | F22: =F$21*$C21 -> 281.1534 | G22: =G$21*$C21 -> 281.1534 | H22: =H$21*$C21 -> 289.6732 | I22: =I$21*$C21 -> 0
A23: =[2]PLANILHA!A162 -> 9.0 | B23: =[1]Planilha1!E60 -> ESQUADRIAS | C23: ='Orçamento Sintético'!I60 -> 75342.68 | D23: =C23/$C$43 -> 0.11092693 | E23: 0.33 | F23: 0.33 | G23: 0.34 | H23: 0
E24: =C23*E23 -> 24863.084 | F24: =F$23*$C23 -> 24863.084 | G24: =G$23*$C23 -> 25616.511 | H24: =H$23*$C23 -> 0 | I24: =I$23*$C23 -> 0
A25: =[2]PLANILHA!A174 -> 10.0 | B25: =[1]Planilha1!E85 -> ISTALAÇÃO HIDROSANITÁRIA | C25: ='Orçamento Sintético'!I85 -> 23457.76 | D25: =C25/$C$43 -> 0.034536829 | E25: 0.33 | F25: 0.33 | G25: 0.34 | H25: 0
E26: =C25*E25 -> 7741.0608 | F26: =F$25*$C25 -> 7741.0608 | G26: =G$25*$C25 -> 7975.6384 | H26: =H$25*$C25 -> 0 | I26: =I$25*$C25 -> 0
A27: =[2]PLANILHA!A185 -> 11.0 | B27: =[1]Planilha1!E138 -> INSTALAÇÃO ELÉTRICA | C27: ='Orçamento Sintético'!I138 -> 113658.76 | D27: =C27/$C$43 -> 0.16733964 | E27: 0 | F27: 0 | G27: 0 | H27: 0 | I27: 1
E28: =C27*E27 -> 0 | F28: =F$27*$C27 -> 0 | G28: =G$27*$C27 -> 0 | H28: =H$27*$C27 -> 0 | I28: =I$27*$C27 -> 113658.76
A29: =[2]PLANILHA!A197 -> 12.0 | B29: =[1]Planilha1!E219 -> CABEAMENTO ESTRUTURADO | C29: ='Orçamento Sintético'!I220 -> 17923.67 | D29: =C29/$C$43 -> 0.026388995 | E29: 0 | F29: 0 | G29: 0 | H29: 0 | I29: 1
E30: =C29*E29 -> 0 | F30: =F$29*$C29 -> 0 | G30: =G$29*$C29 -> 0 | H30: =H$29*$C29 -> 0 | I30: =I$29*$C29 -> 17923.67
A31: =[2]PLANILHA!A221 -> 13.0 | B31: =[1]Planilha1!E238 -> INSTALAÇÃO DE SEGURANÇA, PROTEÇÃO E COMBATE A INCENDIO | C31: ='Orçamento Sintético'!I241 -> 1723.57 | D31: =C31/$C$43 -> 0.0025376098 | E31: 0 | F31: 0 | G31: 0 | H31: 0 | I31: 1
E32: =C31*E31 -> 0 | F32: =F$31*$C31 -> 0 | G32: =G$31*$C31 -> 0 | H32: =H$31*$C31 -> 0 | I32: =I$31*$C31 -> 1723.57
A33: =[2]PLANILHA!A321 -> 14.0 | B33: =[1]Planilha1!E247 -> AR COMPRIMIDO | C33: ='Orçamento Sintético'!I250 -> 382.29 | D33: =C33/$C$43 -> 0.00056284505 | E33: 0 | F33: 0 | G33: 0 | H33: 0.5 | I33: 0.5
E34: =C33*E33 -> 0 | F34: =F$33*$C33 -> 0 | G34: =G$33*$C33 -> 0 | H34: =H$33*$C33 -> 191.145 | I34: =I$33*$C33 -> 191.145
A35: =[2]PLANILHA!A405 -> 15.0 | B35: =[1]Planilha1!E248 -> LOUÇAS, METAIS SANITÁRIOS E ACESSÓRIOS | C35: ='Orçamento Sintético'!I256 -> 76932.46 | D35: =C35/$C$43 -> 0.11326756 | E35: 0 | F35: 0 | G35: 0.5 | H35: 0.5
E36: =C35*E35 -> 0 | F36: =F$35*$C35 -> 0 | G36: =G$35*$C35 -> 38466.23 | H36: =H$35*$C35 -> 38466.23 | I36: =I$35*$C35 -> 0
A37: =[2]PLANILHA!A430 -> 16.0 | B37: =[1]Planilha1!E266 -> OBRAS COMPLETARES | C37: ='Orçamento Sintético'!I279 -> 189332.65 | D37: =C37/$C$43 -> 0.27875421 | E37: 0 | F37: 0 | G37: 0 | H37: 0.5 | I37: 0.5
E38: =C37*E37 -> 0 | F38: =F$37*$C37 -> 0 | G38: =G$37*$C37 -> 0 | H38: =H$37*$C37 -> 94666.325 | I38: =I$37*$C37 -> 94666.325
A39: =[2]PLANILHA!A443 -> 17.0 | B39: =[1]Planilha1!E291 -> DRENAGEM | C39: ='Orçamento Sintético'!I304 -> 19368.21 | D39: =C39/$C$43 -> 0.02851579 | E39: 0 | F39: 0 | G39: 0 | H39: 0 | I39: 1
E40: =C39*E39 -> 0 | F40: =F$39*$C39 -> 0 | G40: =G$39*$C39 -> 0 | H40: =H$39*$C39 -> 0 | I40: =I$39*$C39 -> 19368.21
A41: 18.0 | B41: =[1]Planilha1!E303 -> LIMPEZA DA OBRA | C41: ='Orçamento Sintético'!I316 -> 3393.4 | D41: =C41/$C$43 -> 0.0049960983 | E41: 0 | F41: 0 | G41: 0 | H41: 0 | I41: 1
E42: =C41*E41 -> 0 | F42: =F$39*$C41 -> 0 | G42: =G$39*$C41 -> 0 | H42: =H$39*$C41 -> 0 | I42: =I$39*$C41 -> 3393.4
C43: =SUM(C7:C42) -> 679210.02
A45: % SIMPLES | E45: =E46/$C$43 -> 0.15059128 | F45: =F46/$C$43 -> 0.12115623 | G45: =G46/$C$43 -> 0.1295896 | H45: =H46/$C$43 -> 0.21722488 | I45: =I46/$C$43 -> 0.38143802
A46: R$ SIMPLES | E46: =E8+E10+E12+E14+E16+E18+E20+E22+E24+E26+E28+E30+E32+E34+E36+E38+E40+E42 -> 102283.1 | F46: =F8+F10+F12+F14+F16+F18+F20+F22+F24+F26+F28+F30+F32+F34+F36+F38+F40+F42 -> 82290.528 | G46: =G8+G10+G12+G14+G16+G18+G20+G22+G24+G26+G28+G30+G32+G34+G36+G38+G40+G42 -> 88018.552 | H46: =H8+H10+H12+H14+H16+H18+H20+H22+H24+H26+H28+H30+H32+H34+H36+H38+H40+H42 -> 147541.31 | I46: =I8+I10+I12+I14+I16+I18+I20+I22+I24+I26+I28+I30+I32+I34+I36+I38+I40+I42 -> 259076.52
A48: % ACUMULADO | E48: =E45 -> 0.15059128 | F48: =E48+F45 -> 0.27174751 | G48: =F48+G45 -> 0.40133711 | H48: =G48+H45 -> 0.61856198 | I48: =H48+I45 -> 1
A49: R$ ACUMULADO | E49: =E46 -> 102283.1 | F49: =E49+F46 -> 184573.63 | G49: =F49+G46 -> 272592.18 | H49: =G49+H46 -> 420133.5 | I49: =H49+I46 -> 679210.02

Sheet MODELO DE BDI
B1: ='[4]Table 1'!C1 -> CF CONSTRUÇÕES E REFORMAS LTDA
B2: COMPOSIÇÃO DE BDI
A3: =[3]PLANILHA!A5:B5 -> OBJETO | B3: =[1]Planilha1!D8 -> OBRAS COMPLEMENTARES DA UNIDADE BÁSICA DE SÁÚDE VALE DOS COQUEIROS
A4: DURAÇÃO: | B4: 5 meses
A5: ITEM | B5: DISCRIMINAÇÃO BDI GERAL | C5: Valor
B6: Despesas (incidem sobre o custo direto)
A7: AC | B7: Taxa de rateio da administração central (%) | C7: 0.045
A8: S | B8: Seguro + garantia(%) | C8: 0.0096
A9: R | B9: Risco (%) | C9: 0.0112
A10: DF | B10: Despesa Financeira (%) | C10: 0.0115
A11: L | B11: Lucro bruto (%) | C11: 0.08
B12: Tributos (incidem sobre o faturamento)
B13: PIS (%) | C13: 0.0065
B14: ISSQN (%) | C14: 0.04
B15: COFINS (%) | C15: 0.03
B16: CPRB (Quando INSS não incidir sobre a mão de obra) - lei 13.161/2015 (%)
A17: T | B17: Total de Tributos | C17: =SUM(C13:C16) -> 0.0765
A18: BDI | C18: =ROUND((((1+(C7+C8+C9))*(1+C10)*(1+C11))/(1-C17))-1,4) -> 0.2607
A23: Belo Horizonte, 15 de fevereiro de 2024.
A30: .............................................................
A31: Charles Pereira Andrade
A32: Diretor
